 Dungeon Crawl Stone Soup version 0.26-a0-651-gb41185065b (webtiles) character file.

Game seed: 15166266116436426565

6659 Mitsuki the Geomancer (level 11, -7/64 HPs)
             Began as a Gargoyle Earth Elementalist on Sept 29, 2020.
             Was a Believer of Vehumet.
             Mangled by a vampire (10 damage)
             ... on level 10 of the Dungeon on Sept 30, 2020.
             The game lasted 00:48:49 (15469 turns).

Mitsuki the Geomancer (GrEE)                       Turns: 15469, Time: 00:48:50

Health: -7/64      AC: 21    Str: 11 (13) XL:     11   Next: 3%
Magic:  3/20       EV: 13    Int: 17 (18) God:    Vehumet [**....]
Gold:   294        SH:  0    Dex:  7 (10) Spells: 11/23 levels left

rFire    . . .     SeeInvis .   E - +2 flail (vorpal)
rCold    . . .     Faith    .   (no shield)
rNeg     + . .     Spirit   .   c - +0 robe
rPois    ∞         Reflect  .   I - +2 hat
rElec    +         Harm     .   u - +1 cloak
rCorr    .         Rampage  .   F - +0 pair of gloves
MR       .....                  H - +0 pair of boots
Stlth    +++.......             (no amulet)
HPRegen  0.20/turn              A - +4 ring of protection
MPRegen  0.17/turn              C - ring of stealth

@: no status effects
A: negative energy resistance 1, electricity resistance, unbreathing,
petrification resistance, rot immunity, AC +8
a: Renounce Religion


You were on level 10 of the Dungeon.
You worshipped Vehumet.
Vehumet was pleased with you.
You visited 2 branches of the dungeon, and saw 11 of its levels.

You collected 534 gold pieces.
You spent 240 gold pieces at shops.

Inventory:

Hand Weapons
 E - a +2 vorpal flail (weapon)
Missiles
 b - 188 stones (quivered)
 k - 2 throwing nets
Armour
 c - a +0 robe (worn)
 u - a +1 cloak (worn)
 F - a +0 pair of gloves (worn)
 H - a +0 pair of boots (worn)
 I - a +2 hat (worn)
Jewellery
 A - a +4 ring of protection (left hand)
 C - a ring of stealth (right hand)
Wands
 s - a wand of disintegration (15)
 z - a wand of acid (18)
 D - a wand of iceblast (8)
Scrolls
 a - 3 scrolls of fog
 d - 4 scrolls of fear
 g - 2 scrolls of remove curse
 h - 7 scrolls of teleportation {unknown}
 j - 2 scrolls of blinking {unknown}
 m - a scroll of immolation {unknown}
 o - 7 scrolls of identify {unknown}
 q - 2 scrolls of magic mapping {unknown}
 v - a scroll of enchant weapon {unknown}
 x - a scroll of noise {unknown}
 y - 2 scrolls of random uselessness {unknown}
 B - 2 scrolls of enchant armour {unknown}
 G - a scroll of brand weapon {unknown}
Potions
 e - 2 potions of brilliance {unknown}
 f - 3 potions of magic {unknown}
 i - a potion of resistance {unknown}
 l - 6 potions of degeneration
 n - 2 potions of flight {unknown}
 p - 3 potions of curing {unknown}
 r - a potion of heal wounds {unknown}
 t - a potion of mutation {unknown}
 w - 3 potions of haste {unknown}
 J - a potion of cancellation {unknown}
 K - a potion of invisibility {unknown}


   Skills:
 + Level 5.6 Fighting
 - Level 5.0 Armour
 + Level 4.7 Dodging
 - Level 2.1 Stealth
 + Level 6.6 Spellcasting
 + Level 6.9 Conjurations
   Level 0.7 Transmutations
 + Level 4.7 Fire Magic
 + Level 9.1 Earth Magic
 + Level 4.6 Evocations


You had 11 spell levels left.
You knew the following spells:

 Your Spells              Type           Power        Failure   Level
b - Sandblast             Erth           #####.       1%          1
c - Stone Arrow           Conj/Erth      ####..       1%          3
d - Lee's Rapid Deconstr  Erth           #####.....   8%          5
e - Conjure Flame         Conj/Fire      ####....     3%          3

Your spell library contained the following spells:

 Spells                   Type           Power        Failure   Level
 Searing Ray              Conj           ####..       1%          2
 Magic Dart               Conj           ####         1%          1
 Passwall                 Tmut/Erth      ###.....     2%          2
 Corona                   Hex            #......      12%         1
 Inner Flame              Hex/Fire       ##......     14%         3
 Mephitic Cloud           Conj/Pois/Air  ##......     14%         3
 Petrify                  Tmut/Erth      ###.....     16%         4
 Blink                    Tloc           N/A          19%         2
 Call Imp                 Summ           #.......     19%         2
 Slow                     Hex            #.......     19%         2
 Leda's Liquefaction      Hex/Erth       ###.......   19%         4
 Portal Projectile        Hex/Tloc       #.....       36%         3
 Cause Fear               Hex            #.........   77%         4
 Shatter                  Erth           #####.....   100%        9


Dungeon Overview and Level Annotations

Branches:
Dungeon (10/15)            Temple (1/1) D:6
   Lair: D:8-11         Orc: D:9-12

Altars:
Ashenzari
Cheibriados
Dithmenos
Elyvilon
Fedhas
Gozag
Hepliaklqana
Kikubaaqudgha
Makhleb
Nemelex Xobeh
Okawaru
Qazlal
Ru
Sif Muna
Trog
Uskayaw
Vehumet
Wu Jian
Xom
Yredelemnul
Zin
The Shining One
Beogh

Shops:
D:4 (   D:5 [   D:10 :

Annotations:
D:4 2 transporters, DogServant's ghost, amateur GrFi
D:8 2 transporters
D:10 Erolcha


Innate Abilities, Weirdness & Mutations

You are resistant to torment.
Your stone body is resilient. (AC +8)
You are immune to poison.
You resist negative energy. (rN+)
You are resistant to electric shocks. (rElec)
You can survive without breathing.
You are immune to petrification.
You are immune to rotting.


Message History

You take 5 damage, and have 5/64 hp.
You now have 8/20 mp.
Casting: Stone Arrow (safe; 1% risk of failure)
Confirm with . or Enter, or press ? or * to list all spells.
Press: ? - help, Shift-Dir - straight line
* * * LOW MAGIC WARNING * * *
You hear some strange, mumbled words.
Something tries to affect you, but you resist.
You now have 5/20 mp.
Casting: Stone Arrow (safe; 1% risk of failure)
Confirm with . or Enter, or press ? or * to list all spells.
Press: ? - help, Shift-Dir - straight line
* * * LOW MAGIC WARNING * * *
Something hits you but does no damage. Something bites you.
* * * LOW HITPOINT WARNING * * *
You take 3 damage, and have 2/64 hp.
You now have 3/20 mp.
It was a potion of degeneration.
There was something very wrong with that liquid.
You feel weakened.
You feel dopey.
You feel clumsy. Something hits you!
You die...

.....≈#
#####+#≈........##
.....≈###
#......≈..>....##
.....≈..
#......≈##....##
.....≈.
####......≈####..#
.....≈#
+..#..####≈# #..##
.....≈#
#^.#..#.)#≈# ##..#
..#..≈#
#..#.†##.#≈# #..##
.###.≈#
#..#.....#≈# #...#
.##..≈#
#..{@....#≈# ##..#
###..≈####
#..####### #....
##...#≈≈≈≈≈≈≈≈≈
......
....###.#####..
.......# )....##.#
... ..........
...##...## ##..
.O........
...####.)# #..
......#...
.....##.## #..
....####..
.#....∩.#


There were no monsters in sight!

Vanquished Creatures
  A two-headed ogre (D:8)
  An unseen horror (D:10)
  A centaur skeleton (D:10)
  4 hippogriffs
  A shadow (D:10)
  2 wyverns
  A yak (D:10)
  A steam dragon (D:8)
  A water moccasin (D:10)
  6 orc warriors
  2 phantoms
  5 ogres
  2 centaurs
  A big kobold (D:8)
  3 bullfrogs
  5 scorpions
  4 wights (D:8)
  3 howler monkeys
  2 bullfrog zombies
  3 jellies
  2 quasits
  A bullfrog skeleton (D:9)
  3 hounds
  12 orc wizards
  9 orc priests
  Natasha (thrice) (D:2)
  An iguana (D:10)
  6 worker ants
  3 worker ant zombies
  11 adders
  4 shadow imps
  2 white imps
  2 ufetubi (D:5)
  2 adder skeletons (D:4)
  2 adder zombies
  3 worms
  2 dart slugs
  5 leopard geckos
  46 orcs
  7 bats
  5 giant cockroaches
  8 goblins
  7 hobgoblins
  13 jackals
  8 kobolds
  4 quokkas
  2 ball pythons
  5 frilled lizards
  A jackal skeleton (D:4)
  A leopard gecko skeleton (D:7)
  A quokka skeleton (D:4)
  4 rats
234 creatures vanquished.

Notes
Turn   | Place    | Note
-------+----------+-------------------------------------------
     0 | D:1      | Mitsuki the Gargoyle Earth Elementalist began the quest for
                  | the Orb.
     0 | D:1      | Reached XP level 1. HP: 10/10 MP: 3/3
   288 | D:1      | Reached XP level 2. HP: 15/15 MP: 5/5
   334 | D:1      | You fall into a shaft and drop 1 floor!
   363 | D:2      | Reached skill level 4 in Earth Magic
   432 | D:2      | Found a glowing silver altar of Zin.
   435 | D:2      | Found a hide-covered altar of Uskayaw.
   438 | D:2      | Found a stormy altar of Qazlal.
   568 | D:2      | Reached XP level 3. HP: 3/19 MP: 4/7
   578 | D:2      | Learned a level 3 spell: Stone Arrow
   859 | D:2      | Noticed Natasha
   874 | D:2      | Killed Natasha
   874 | D:2      | Reached skill level 1 in Conjurations
   874 | D:2      | Reached XP level 4. HP: 16/24 MP: 4/8
   879 | D:2      | Noticed Natasha
   887 | D:2      | Killed Natasha
  1886 | D:2      | Reached skill level 5 in Earth Magic
  2125 | D:2      | Noticed Natasha
  2133 | D:2      | Killed Natasha
  2133 | D:2      | Reached XP level 5. HP: 23/28 MP: 0/10
  2950 | D:3      | Found a shimmering blue altar of Sif Muna.
  3600 | D:3      | Found a shadowy altar of Dithmenos.
  3775 | D:3      | Learned a level 5 spell: Lee's Rapid Deconstruction
  3882 | D:3      | Reached XP level 6. HP: 31/32 MP: 11/11
  4971 | D:4      | Reached skill level 6 in Earth Magic
  5075 | D:4      | Found a blossoming altar of Fedhas.
  5084 | D:4      | Found Uwush's Weapon Shop.
  5126 | D:4      | Found a transporter.
  5128 | D:4      | Found a transporter.
  5128 | D:4      | Noticed DogServant's ghost (amateur GrFi)
  5143 | D:4      | Reached XP level 7. HP: 36/36 MP: 10/13
  5505 | D:4      | Reached skill level 1 in Armour
  6060 | D:5      | Entered Level 5 of the Dungeon
  6144 | D:4      | Reached skill level 1 in Fighting
  6242 | D:5      | Reached skill level 1 in Evocations
  6261 | D:5      | Found Hagexkao's Antique Armour Boutique.
  6772 | D:5      | Reached XP level 8. HP: 37/44 MP: 4/15
  7642 | D:5      | Learned a level 3 spell: Conjure Flame
  7715 | D:5      | Found a shimmering altar of Xom.
  7998 | D:6      | Reached skill level 7 in Earth Magic
  8084 | D:6      | Found a staircase to the Ecumenical Temple.
  8091 | Temple   | Entered the Ecumenical Temple
  8214 | Temple   | Became a worshipper of Vehumet
  8416 | D:6      | Reached skill level 5 in Spellcasting
  8622 | D:6      | Reached skill level 1 in Fire Magic
  9597 | D:5      | Bought an embroidered cloak for 240 gold pieces
  9688 | D:7      | Noticed a hippogriff
  9704 | D:6      | Killed a hippogriff
  9704 | D:6      | Reached skill level 5 in Conjurations
  9945 | D:7      | Noticed a hippogriff
  9957 | D:7      | Killed a hippogriff
  9957 | D:7      | Reached XP level 9. HP: 37/51 MP: 11/16
 11001 | D:7      | Found a broken altar of Ashenzari.
 11302 | D:7      | Reached * piety under Vehumet
 11302 | D:7      | Offered knowledge of Freeze by Vehumet.
 11377 | D:8      | Found a transporter.
 11380 | D:8      | Found a roughly hewn altar of Beogh.
 11380 | D:8      | Found a transporter.
 11380 | D:8      | Noticed a two-headed ogre
 11390 | D:8      | Found a stormy altar of Qazlal.
 11632 | D:8      | Reached skill level 8 in Earth Magic
 12210 | D:8      | Reached XP level 10. HP: 47/57 MP: 18/18
 12568 | D:8      | Noticed a two-headed ogre
 12587 | D:8      | Offered knowledge of Searing Ray by Vehumet.
 12602 | D:8      | Reached ** piety under Vehumet
 12752 | D:8      | Killed a two-headed ogre
 13317 | D:9      | Reached skill level 5 in Armour
 13713 | D:9      | Identified the Grimoire of Ashen Translocation
 13729 | D:9      | Found an ancient bone altar of Kikubaaqudgha.
 13777 | D:9      | Found a sacrificial altar of Ru.
 13943 | D:9      | Reached skill level 5 in Fighting
 14069 | D:10     | Entered Level 10 of the Dungeon
 14346 | D:10     | Found Onwomohi's Book Boutique.
 15016 | D:10     | Killed an unseen horror
 15016 | D:10     | Reached skill level 9 in Earth Magic
 15260 | D:10     | Noticed Erolcha
 15313 | D:10     | Reached XP level 11. HP: 39/64 MP: 13/20
 15468 | D:10     | HP: 2/64 [something (3)]
 15469 | D:10     | Mangled by a vampire

Illustrated notes

Levels and vault maps discovered:
D:1:      dpeg_arrival_tiny_g, layout_loops_cross
D:2:      layout_basic, grunt_temple_overflow_diamond, uniq_natasha
D:3:      layout_rooms, led_sif_pool, nicolae_overflow_crystal_walls
D:4:      layout_cave_pools, gammafunk_ghost_mausoleum, serial_shops,
          nicolae_shop_statue_plus, serial_glass, glass_columns_b,
          glass_columns_b, minmay_strange_pillars, minmay_strange_pillars,
          hangedman_abyss_or_decor_stagger, grunt_ministairs_1, fedhas_altar_1
D:5:      layout_gridville, serial_shops, shop_fountains, basic_altar
D:6:      layout_basic, minmay_temple_entry_trees
D:7:      layout_loops_cross, cheibrodos_ashenzari_chains
D:8:      gammafunk_beogh_shrine, layout_rooms, basic_altar,
          chequers_serial_rivers_room_b
D:9:      layout_roguey, nicolae_ru_great_annihilating_truth,
          kiku_gazebo_garden_becter
D:10:     cheibrodos_ideogram_h, layout_layer_cave, serial_shops, shop,
          uniq_erolcha, uniq_gastronok
Temple:   jpeg_temple_clearing

Skill      XL: |  1  2  3  4  5  6  7  8  9 10 |
---------------+-------------------------------+-----
Earth Magic    | 4 5 6 7 8 9 |  9.1
Spellcasting   | 3 4 5 6 |  6.6
Conjurations   | 1 2 3 4 5 6 |  6.9
Armour         | 1 3 4 5 |  5.0
Fighting       | 1 3 4 5 |  5.6
Dodging        | 2 3 4 |  4.7
Evocations     | 1 2 3 4 |  4.6
Fire Magic     | 1 3 4 |  4.7
Stealth        | |  2.1
Transmutations | |  0.7

Action                   |  1- 3 |  4- 6 |  7- 9 | 10-12 || total
-------------------------+-------+-------+-------+-------++-------
Melee: Club              |    64 |    10 |       |       ||    74
       Falchion          |       |    58 |       |       ||    58
       Dagger            |       |   307 |   281 |       ||   588
       Flail             |       |       |   287 |   203 ||   490
 Cast: Sandblast         |    10 |    36 |    69 |    19 ||   134
       Stone Arrow       |       |       |    31 |    34 ||    65
       Conjure Flame     |       |       |       |     3 ||     3
       Lee's Rapid Decon |       |       |       |     1 ||     1
  Use: Scroll            |       |     2 |     2 |     1 ||     5
       Potion            |       |       |       |     1 ||     1
 Stab: Sleeping          |     2 |     2 |     2 |     1 ||     7
       Paralysed         |       |       |       |     1 ||     1
Armor: Robe              |    32 |   111 |   358 |   164 ||   665
Dodge: Dodged            |    74 |   246 |   535 |   212 ||  1067
       Rpst.: Falchion   |       |    16 |       |       ||    16

Table legend: (Time is in decaauts)
 A = Elapsed time spent in this place.
 B = Non-inter-level travel time spent in this place.
 C = Inter-level travel time spent in this place.
 D = Time resting spent in this place.
 E = Time spent auto-exploring this place.
 F = Levels seen in this place.
 G = Mean time per level.
                   A        B        C        D        E       F      G
               +--------+--------+--------+--------+--------+-----+--------+
         Total |  15739 |  15111 |    628 |   2717 |   9340 |  11 | 1430.8 |
       Dungeon |  15587 |  14986 |    601 |   2717 |   9233 |  10 | 1558.7 |
        Temple |    151 |    124 |     27 |      0 |    107 |   1 |  151.0 |
               +--------+--------+--------+--------+--------+-----+--------+

Top non-repeatable levels by time:
     D:2: 2217 daAuts
     D:3: 1824 daAuts
     D:6: 1809 daAuts
     D:7: 1785 daAuts
     D:5: 1725 daAuts
     D:8: 1679 daAuts
     D:4: 1588 daAuts
    D:10: 1374 daAuts
     D:9: 808 daAuts
     D:1: 775 daAuts
  Temple: 151 daAuts
